 Dungeon Crawl Stone Soup version 0.20.1-1-g8b1a95d (webtiles) character file.

42 funkygono the Skirmisher (level 3, 0/33 HPs)
             Began as a Minotaur Abyssal Knight on Dec 23, 2017.
             Was a Follower of Lugonu.
             Killed by nerve-wracking pain
             ... invoked by Jessica
              (7 damage)
             ... on level 2 of the Dungeon on Dec 26, 2017.
             The game lasted 00:03:24 (1098 turns).

funkygono the Skirmisher (Minotaur Abyssal Knight)  Turns: 1098, Time: 00:03:24

Health: 0/33       AC:  4    Str: 17    XL:     3   Next: 33%
Magic:  3/3        EV: 11    Int:  9    God:    Lugonu [*.....]
Gold:   42         SH:  0    Dex:  9    Spells: 2/2 levels left

rFire    . . .     SeeInvis .   a - +1 spear
rCold    . . .     Gourm    .   (no shield)
rNeg     . . .     Faith    .   b - +0 leather armour
rPois    .         Spirit   .   (helmet restricted)
rElec    .         Reflect  .   (no cloak)
rCorr    .         Harm     .   (no gloves)
MR       .....                  i - +0 pair of boots
Stlth    +.........             (no amulet)
Regen    0.2/turn               (no ring)
MPRegen  0.1/turn               (no ring)

@: hasted and slowed
A: retaliatory headbutt, horns 2
a: Depart the Abyss, Renounce Religion


You were on level 2 of the Dungeon.
You worshipped Lugonu.
Lugonu was aware of your devotion.
You were hungry.

You visited 1 branch of the dungeon, and saw 2 of its levels.
You visited the Abyss 1 time.

You collected 42 gold pieces.

Inventory:

Hand Weapons
 a - a +1 spear (weapon)
Armour
 b - a +0 leather armour (worn)
 i - a +0 pair of boots (worn)
Scrolls
 d - a scroll of identify {unknown}
 e - 2 scrolls of remove curse {unknown}
Comestibles
 c - 2 bread rations
 f - a chunk of flesh
 g - a royal jelly


   Skills:
 + Level 4.3 Fighting
 + Level 3.0 Polearms
 + Level 2.8 Armour
 + Level 1.5 Dodging
 + Level 2.1 Invocations


You had 2 spell levels left.
You didn't know any spells.

Dungeon Overview and Level Annotations

Branches:
Dungeon (2/15)

Altars:

Annotations:
D:2 Jessica


Innate Abilities, Weirdness & Mutations

You reflexively headbutt those who attack you in melee.
You have a pair of horns on your head.


Message History

Jessica is severely wounded.
Jessica gestures wildly while chanting.
Jessica seems to speed up.
You hit Jessica but do no damage.
Jessica is severely wounded.
Jessica drinks a potion.
Jessica is healed!
Jessica barely misses you.
Jessica mumbles some strange words.
Jessica blinks!
Jessica casts a spell at you. Pain shoots through your body!
* * * LOW HITPOINT WARNING * * *
Jessica closely misses you.
Found a stone staircase leading up.
Jessica gestures wildly.
Jessica casts a spell.
Jessica blinks!
The gnoll barely misses you.
It was a potion of haste.
You feel yourself speed up. Jessica gestures at you while chanting.
Pain shoots through your body!
You die...

#...# ###### #...##
......# #...# ......#
#.#g# ......###.#.#
....g.#.gJ#K############
..$....g#.#g.K.r.......#
..........#####g§......#
......K........@@...(...
......###.#..#..........
#####.# #.##..#.........
#####.###.###..$.......#
..(..r.##.# ###.........
.......##.# #...(....#
.(.....# .# #<.......#
.......... ##########
...........


You could see a gnoll, Jessica, a quokka and a kobold.

Vanquished Creatures
  2 gnolls (D:2)
  An ooze (D:1)
  A dart slug (D:1)
  A giant cockroach (D:1)
  A kobold (D:1)
  A quokka (D:2)
  3 bats (D:1)
  3 frilled lizards (D:1)
  4 goblins (D:1)
  2 rats
19 creatures vanquished.

Notes
Turn   | Place    | Note
-------+----------+-------------------------------------------
     0 | Abyss:1  | funkygono the Minotaur Abyssal Knight began the quest for the Orb.
     0 | Abyss:1  | Reached XP level 1. HP: 19/19 MP: 1/1
    86 | Abyss:1  | Noticed a starcursed mass
    98 | D:1      | Escaped the Abyss
   527 | D:1      | Reached * piety under Lugonu
   527 | D:1      | Reached XP level 2. HP: 26/27 MP: 2/2
   671 | D:1      | Reached skill level 4 in Fighting
  1058 | D:1      | You fall through a shaft!
  1069 | D:2      | Noticed Jessica
  1085 | D:2      | Reached XP level 3. HP: 26/33 MP: 3/3
  1098 | D:2      | Killed from afar by Jessica

Skill      XL: |  1  2 |
---------------+-------+-----
Fighting       | 4 |  4.3
Invocations    | 2 |  2.1
Polearms       | 3 |  3.0
Armour         | |  2.8
Dodging        | |  1.5

Action                   || total
-------------------------++-------
Melee: Spear             ||    53
       Headbutt          ||     4
Invok: Depart the Abyss  ||     1
  Use: Potion            ||     1
Armor: Leather armour    ||    11
Dodge: Dodged            ||    28
